 Dungeon Crawl Stone Soup version 0.21.1-1-g345015f (webtiles) character file.

78 Harpaggios the Ruffian (level 4, -1/35 HPs)
             Began as a Draconian Transmuter on Apr 7, 2018.
             Was an Initiate of Qazlal.
             Slain by an orc
             ... wielding a +0 war axe
              (3 damage)
             ... on level 2 of the Dungeon.
             The game lasted 00:13:37 (1908 turns).

Harpaggios the Ruffian (Draconian Transmuter)       Turns: 1908, Time: 00:13:38

Health: -1/35      AC:  5    Str: 12    XL:     4   Next: 15%
Magic:  8/8        EV: 12    Int: 15    God:    Qazlal [......]
Gold:   65         SH:  0    Dex: 11    Spells: 6/9 levels left

rFire    . . .     SeeInvis .     - Unarmed
rCold    . . .     Gourm    .   (no shield)
rNeg     . . .     Faith    .   (armour unavailable)
rPois    .         Spirit   .   (helmet restricted)
rElec    .         Reflect  .   (no cloak)
rCorr    .         Harm     .   (no gloves)
MR       .....                  (boots currently unavailable)
Stlth    +.........             (no amulet)
HPRegen  0.11/turn              (no ring)
MPRegen  0.11/turn              (no ring)

@: appendage (expiring)
A: unfitting armour, talons 3, cold-blooded, AC +5
a: End Transformation, Renounce Religion


You were on level 2 of the Dungeon.
You worshipped Qazlal.
Qazlal was noncommittal.
You were hungry.
You had grown temporary talons.
You visited 1 branch of the dungeon, and saw 3 of its levels.

You collected 65 gold pieces.

Inventory:

Missiles
 a - 12 arrows
Jewellery
 n - an uncursed ring of protection from magic {unknown}
Scrolls
 m - 2 scrolls of amnesia {unknown}
 o - a scroll of teleportation {unknown}
Potions
 f - a potion of agility {unknown}
 g - 2 potions of haste {unknown}
 l - a potion of ambrosia {unknown}
Books
 b - a book of Changes

   Spells                             Type                      Level
   a - Beastly Appendage              Transmutation                1
   b - Sticks to Snakes               Transmutation                2
   c - Spider Form                    Transmutation/Poison         3
   d - Ice Form                       Ice/Transmutation            4
   e - Blade Hands                    Transmutation                5
Comestibles
 c - 7 rations


   Skills:
 - Level 1.1 Fighting
 + Level 2.6 Dodging
 + Level 3.7 Unarmed Combat
 * Level 3.0 Spellcasting
 - Level 2.0 Transmutations


You had 6 spell levels left.
You knew the following spells:

 Your Spells              Type           Power        Failure   Level  Hunger
a - Beastly Appendage     Tmut           #.....       9%          1    #......
b - Sticks to Snakes      Tmut           #.......     13%         2    ##.....


Dungeon Overview and Level Annotations

Branches:
Dungeon (3/15)

Altars:
Qazlal
Wu Jian


Innate Abilities, Weirdness & Mutations

Your plain brown scales are hard. (AC +5)
You cannot fit into any form of body armour.
You are cold-blooded and may be slowed by cold attacks.
You have claws for feet.


Message History

You hit the orc. Your kick misses the orc.
Your tail-slap misses the orc.
The orc is heavily wounded.
The orc barely misses you.
You hit the orc.
The orc is almost dead.
The orc completely misses you. The orc barely misses you.
You closely miss the orc.
The orc is almost dead.
The orc closely misses you. The orc hits you but does no damage.
You barely miss the orc.
The orc is almost dead.
The orc hits you with a war axe.
* * * LOW HITPOINT WARNING * * *
The orc hits you with a whip.
* * * LOW HITPOINT WARNING * * *
You barely miss the orc.
The orc is almost dead.
You are feeling hungry.
The orc barely misses you. The orc hits you with a war axe.
You die...

#.##........### #.#
#.##.#####.## #.# #§##.#
#.###### #.# #§##.#
#......# #.# #.##.#
#.####.# #.# #§##.# #.#
#.# #.# #.##.#
#<####.###.# #=##.#
#......(.#.# #.##.#
##...o@....#
#.##.######.###o#.###
#.##.#..........#.####
#....#.####.##.......###
#........)..###.#......#
##.###.######
#.#..###.###### #.# #.#
#.#..# #......# #.# #.#
#.##.###.####.# #.###.#
#.##..(..# #.####


You could see 2 orcs.

Vanquished Creatures
  An orc wizard (D:2)
  An ooze (D:1)
  A worm (D:2)
  2 dart slugs (D:1)
  3 leopard geckos
  5 bats
  3 giant cockroaches (D:1)
  2 goblins (D:1)
  6 hobgoblins
  5 jackals
  A quokka (D:2)
  A ball python (D:1)
  A frilled lizard (D:2)
  3 kobolds
  A rat (D:1)
36 creatures vanquished.

Notes
Turn   | Place    | Note
-------+----------+-------------------------------------------
     0 | D:1      | Harpaggios the Draconian Transmuter began the quest for the Orb.
     0 | D:1      | Reached XP level 1. HP: 16/16 MP: 3/3
   169 | D:1      | Reached XP level 2. HP: 23/23 MP: 5/5
   891 | D:1      | Reached XP level 3. HP: 28/28 MP: 6/6
   895 | D:1      | Learned a level 2 spell: Sticks to Snakes
  1216 | D:2      | Found an ornate altar of the Wu Jian Council.
  1497 | D:2      | Found a stormy altar of Qazlal.
  1505 | D:2      | Became a worshipper of Qazlal Stormbringer
  1895 | D:2      | Reached XP level 4. HP: 31/35 MP: 8/8
  1908 | D:2      | Slain by an orc

Skill      XL: |  1  2  3 |
---------------+----------+-----
Dodging        | 2 |  2.6
Spellcasting   | 3 |  3.0
Fighting       | |  1.1
Unarmed Combat | |  3.7
Transmutations | |  2.0

Action                   |  1- 3 |  4- 6 || total
-------------------------+-------+-------++-------
Melee: Unarmed           |   170 |     6 ||   176
       Tailslap          |    16 |       ||    16
       Kick              |     6 |       ||     6
       Headbutt          |     6 |       ||     6
       Punch             |     2 |       ||     2
 Cast: Beastly Appendage |    10 |     1 ||    11
  Use: Scroll            |     4 |       ||     4
 Stab: Sleeping          |     2 |       ||     2
  Eat: Chunk             |     3 |       ||     3
Armor: Skin              |    54 |     2 ||    56
Dodge: Dodged            |    94 |     8 ||   102
